 Dungeon Sprint DCSS version 0.18.1-47-g9310371 (webtiles) character file.

687 rftp080 the Zephyrmancer (level 7, -2/41 HPs)
             Began as a High Elf Air Elementalist on June 22, 2016.
             Was a Priest of Sif Muna.
             Slain by a phantom (8 damage)
             ... in the Dungeon (Sprint IX: "|||||||||||||||||||||||||||||").
             The game lasted 00:03:11 (298 turns).

rftp080 the Zephyrmancer (High Elf Air Elementalist) Turns: 298, Time: 00:03:12

Health: -2/41      AC:  8    Str:  7    XL:     7   Next: 35%
Magic:  7/19       EV: 17    Int: 21    God:    Sif Muna [***...]
Gold:   0          SH:  0    Dex: 16    Spells: 4 memorised, 12 levels left

rFire  . . .     SeeInvis .     j - +0 club
rCold  . . .     Gourm    .     a - +0 robe
rNeg   . . .     Faith    .     (no shield)
rPois  .         Spirit   .     (no helmet)
rElec  .         Dismiss  .     q - +0 cloak
rCorr  .         Reflect  .     p - +0 pair of gloves
SustAt .         Harm     .     (no boots)
MR     .....     NoTele   +     (no amulet)
Stlth  +++.......               s - +2 ring of protection
                                t - +2 ring of protection

@: very slightly contaminated, invisible, not resistant to hostile enchantments,
fairly stealthy
A: no striking features
a: Channel Energy, Renounce Religion


You were in the Dungeon.
You worshipped Sif Muna.
Sif Muna was most pleased with you.
You were not hungry.

You visited 1 branch

Inventory:

Hand Weapons
 j - a +0 club (weapon)
 n - a +4 quarterstaff of speed
 o - a +2 scimitar of holy wrath
Armour
 a - a +0 robe (worn)
 p - a +0 pair of gloves (worn)
 q - a +0 cloak (worn)
 r - a +1 scale mail
Magical Staves
 m - an uncursed staff of energy
Jewellery
 s - a +2 ring of protection (right hand)
 t - a +2 ring of protection (left hand)
Wands
 l - a wand of iceblast (7/15)
Scrolls
 h - 3 scrolls of remove curse
 i - 2 scrolls of blinking
 k - 2 scrolls of amnesia
Potions
 d - 5 potions of curing
 e - 2 potions of heal wounds
 g - 4 potions of magic
Books
 b - a book of Air

   Spells                             Type                      Level
   a - Shock                          Conjuration/Air              1
   b - Swiftness                      Charms/Air                   2
   c - Repel Missiles                 Charms/Air                   2
   d - Static Discharge               Conjuration/Air              3
   e - Lightning Bolt                 Conjuration/Air              5


   Skills:
 + Level 7.8 Dodging
 - Level 3.6 Stealth
 + Level 8.2 Spellcasting
 * Level 9.4 Conjurations
 + Level 10.8 Air Magic
 + Level 3.1 Invocations


You had 12 spell levels left.
You knew the following spells:

 Your Spells              Type           Power        Failure   Level  Hunger
a - Shock                 Conj/Air       ####         1%          1    None
b - Lightning Bolt        Conj/Air       ######....   3%          5    #####..
c - Repel Missiles        Chrm/Air       ####..       1%          2    None
d - Swiftness             Chrm/Air       ####....     1%          2    None


Dungeon Overview and Level Annotations

Branches:
Dungeon (1/1)

Altars:
Cheibriados
Dithmenos
Elyvilon
Fedhas
Gozag
Kikubaaqudgha
Makhleb
Nemelex Xobeh
Okawaru
Pakellas
Qazlal
Ru
Sif Muna
Trog
Vehumet
Xom
Yredelemnul
Zin
The Shining One
Beogh
Jiyva
Lugonu


Message History

The phantom hits you.
* * * LOW HITPOINT WARNING * * *
The phantom blinks!
The soldier ant changes into a harpy!
You see here an adder corpse.
You hit the phantom but do no damage.
The phantom is heavily damaged.
The harpy misses you. The harpy barely misses you.
The phantom closely misses you. The harpy claws you but does no damage.
The harpy misses you.
Casting: Lightning Bolt
Confirm with . or Enter, or press ? or * to list all spells.
Aiming: Lightning Bolt
Press: ? - help, Shift-Dir - straight line, p - phantom You hear a mighty clap of thunder!
The bolt of lightning hits the harpy.
The harpy is heavily wounded.
The harpy misses you. The harpy completely misses you. x2
The harpy misses you. The phantom hits you!
You die... ▓▓▓▓▓▓▓▓▓▓▓▓▓▓▓▓▓▓▓▓▓▓▓▓▓ _'...).....'.†.W@H)..†... ▓▓▓▓▓▓▓▓▓▓▓▓▓▓▓▓▓▓▓▓▓▓▓▓▓

You could see a harpy shaped shifter and a phantom.

Vanquished Creatures
  A yak (D)
  A soldier ant (shapeshifter) (D)
  An ice beast (D)
  An ogre (D)
  A scorpion (D)
  2 killer bees (D)
  A wight (D)
  A howler monkey (D)
  A worker ant (D)
  2 adders (D)
  A giant gecko (D)
  2 bats (D)
  A bat skeleton (D)
  A giant cockroach (D)
  A goblin (D)
  2 jackals (D)
20 creatures vanquished.

Notes
Turn   | Place    | Note
--------------------------------------------------------------
     0 | D        | rftp080 the High Elf Air Elementalist began the quest for the Orb.
     0 | D        | Reached XP level 1. HP: 11/11 MP: 4/4
     5 | D        | Reached skill level 4 in Air Magic
    60 | D        | Noticed an ogre
    60 | D        | Noticed a howler monkey
    60 | D        | Noticed an ice beast
    73 | D        | Reached skill level 5 in Air Magic
    73 | D        | Reached XP level 2. HP: 17/17 MP: 1/7
    78 | D        | Killed an ogre
    78 | D        | Reached skill level 5 in Spellcasting
    78 | D        | Reached skill level 8 in Air Magic
    78 | D        | Reached XP level 3. HP: 21/21 MP: 0/10
    78 | D        | Reached XP level 4. HP: 27/27 MP: 0/12
    85 | D        | Killed an ice beast
    85 | D        | Reached skill level 5 in Dodging
    85 | D        | Reached skill level 5 in Conjurations
    85 | D        | Reached skill level 9 in Air Magic
    85 | D        | Reached XP level 5. HP: 31/31 MP: 1/14
   100 | D        | Found a glowing silver altar of Zin.
   100 | D        | Found a glowing golden altar of the Shining One.
   100 | D        | Found an ancient bone altar of Kikubaaqudgha.
   100 | D        | Found a basalt altar of Yredelemnul.
   100 | D        | Found a shimmering altar of Xom.
   100 | D        | Found a radiant altar of Vehumet.
   101 | D        | Found an iron altar of Okawaru.
   102 | D        | Found a burning altar of Makhleb.
   103 | D        | Found a deep blue altar of Sif Muna.
   104 | D        | Found a bloodstained altar of Trog.
   105 | D        | Found a sparkling altar of Nemelex Xobeh.
   106 | D        | Found a white marble altar of Elyvilon.
   107 | D        | Found a roughly hewn altar of Beogh.
   108 | D        | Found a viscous altar of Jiyva.
   109 | D        | Found a corrupted altar of Lugonu.
   110 | D        | Found a blossoming altar of Fedhas.
   111 | D        | Became a worshipper of Sif Muna the Loreminder
   112 | D        | Found a snail-covered altar of Cheibriados.
   113 | D        | Found a shadowy altar of Dithmenos.
   114 | D        | Found a stormy altar of Qazlal.
   115 | D        | Found an opulent altar of Gozag.
   116 | D        | Found a sacrificial altar of Ru.
   117 | D        | Found an oddly glowing altar of Pakellas.
   164 | D        | Learned a level 5 spell: Lightning Bolt
   167 | D        | Learned a level 2 spell: Repel Missiles
   170 | D        | Learned a level 2 spell: Swiftness
   171 | D        | Reached * piety under Sif Muna
   171 | D        | Reached XP level 6. HP: 36/36 MP: 9/16
   173 | D        | Reached skill level 10 in Air Magic
   257 | D        | Noticed a yak
   257 | D        | Noticed an orb spider
   257 | D        | Noticed a two-headed ogre
   258 | D        | Reached ** piety under Sif Muna
   264 | D        | Noticed a soldier ant
   264 | D        | a two-headed ogre changed into a soldier ant
   265 | D        | Noticed a sky beast
   265 | D        | an orb spider changed into a sky beast
   268 | D        | Killed a yak
   268 | D        | Reached XP level 7. HP: 21/41 MP: 5/19
   268 | D        | Reached *** piety under Sif Muna
   296 | D        | Noticed a harpy
   296 | D        | a soldier ant changed into a harpy
   298 | D        | Slain by a phantom

Skill      XL: |  1  2  3  4  5  6  7 |
---------------+----------------------+-----
Air Magic      | 5 8 9 10 | 10.8
Spellcasting   | 3 5 6 7 8 |  8.2
Dodging        | 4 5 6 7 |  7.8
Stealth        | 3 |  3.6
Conjurations   | 5 6 8 9 |  9.4
Invocations    | 2 3 |  3.1

Action                   |  1- 3 |  4- 6 |  7- 9 || total
-------------------------+-------+-------+-------++-------
Melee: Unarmed           |     3 |       |       ||     3
       Club              |     2 |     6 |    12 ||    20
 Cast: Shock             |     9 |       |       ||     9
       Lightning Bolt    |       |     4 |     4 ||     8
Invok: Channel Energy    |       |     4 |     5 ||     9
  Use: Potion            |     2 |       |     2 ||     4
 Stab: Invisible         |       |       |     3 ||     3
  Eat: Bread ration      |       |       |     1 ||     1
Armor: Robe              |     1 |     1 |     7 ||     9
Dodge: Dodged            |     8 |    13 |    37 ||    58
